 Dungeon Crawl Stone Soup version 0.28-a0-653-g7e9dba17c3 (webtiles) character file.

Game seed: 4831895552775978130

21 lawman0 the Magician (level 3, 11/26 HPs)
             Began as a Djinni Hedge Wizard on Oct 11, 2021.
             Quit the game on level 1 of the Dungeon.
             The game lasted 00:01:48 (840 turns).

lawman0 the Magician (Djinni Hedge Wizard)           Turns: 840, Time: 00:01:48

Health: 11/26      AC:  2    Str:  9    XL:     3   Next: 5%
Gold:   42         EV: 12    Int: 16    God:
                   SH:  0    Dex: 12

rFire   + + .      SeeInvis .   a - +0 dagger
rCold   x . .      Faith    .   (no shield)
rNeg    . . .      Spirit   .   b - +0 robe
rPois   ∞          Reflect  .   c - +0 hat
rElec   .          Harm     .   (no cloak)
rCorr   .          Rampage  .   (no gloves)
Will    .....                   (boots unavailable)
Stlth   ++........              (no amulet)
HPRegen 0.08/turn               (no ring)
MPRegen 0.00/turn               (no ring)

@: flying
A: sickness immunity, fire resistance 2, cold vulnerability 1, float, innate
caster, hp casting, extra vitality 1
a: no special abilities


You were on level 1 of the Dungeon.
You visited 1 branch of the dungeon, and saw 1 of its levels.

You collected 42 gold pieces.

Inventory:

Hand Weapons
 a - a +0 dagger (weapon)
 e - a +0 mace
 f - a +0 spear
Armour
 b - a +0 robe (worn)
 c - a +0 hat (worn)
Potions
 d - a potion of heal wounds {unknown}
 g - a potion of curing {unknown}


   Skills:
 * Level 0.3 Fighting
 + Level 2.4 Dodging
 + Level 1.6 Stealth
 * Level 3.0 Spellcasting


You couldn't memorise any spells.
You knew the following spells:

 Your Spells              Type           Power      Damage    Failure   Level
a - Magic Dart            Conj           48%        1d5       5%          1
b - Blink                 Tloc           N/A        N/A       9%          2
c - Call Imp              Summ           12%        N/A       9%          2
d - Slow                  Hex            12%        N/A       9%          2
e - Conjure Flame         Conj/Fire      12%        6-21      16%         3
f - Mephitic Cloud        Conj/Pois/Air  12%        N/A       16%         3
g - Sting                 Tmut/Pois      48%        1d5       5%          1
Your spell library was empty.

Dungeon Overview and Level Annotations

Branches:
Dungeon (1/15)

Altars:

Shops:
D:1 =


Innate Abilities, Weirdness & Mutations

You are immune to sickness and miasma.
You are immune to poison.
Your flesh is very heat resistant. (rF++)
You are vulnerable to cold. (rC-)
You float through the air rather than walking.
You learn spells naturally, not from books.
Your magical power is your life essence.
You have superior vitality. (+4 HP)


Message History

You hit the quokka.
The quokka is moderately wounded.
The quokka bites you but does no damage.
You barely miss the quokka.
The quokka is moderately wounded.
The quokka closely misses you.
You hit the quokka.
The quokka is severely wounded.
The quokka barely misses you.
You miss the quokka.
The quokka is severely wounded.
The quokka bites you. x2
You are too injured to fight recklessly!
You hit the quokka but do no damage.
The quokka is severely wounded.
The quokka barely misses you.
You are too injured to fight recklessly!
You hit the quokka but do no damage.
The quokka is severely wounded.
The quokka closely misses you.
You are too injured to fight recklessly!
You closely miss the quokka.
The quokka is severely wounded.
The quokka bites you.
You hit the quokka but do no damage.
The quokka is severely wounded.
The quokka bites you.
You are too injured to fight recklessly!
You closely miss the quokka.
The quokka is severely wounded.
The quokka barely misses you. x2
You are too injured to fight recklessly!
You hit the quokka.
The quokka is almost dead.
The quokka completely misses you.
You hit the quokka.
You kill the quokka!
Your Spellcasting skill increases to level 3!
Found a glowing ring mail.
Are you sure you want to abandon this character and quit the game? (Confirm with "yes".)

.. ... ..... ..
#.##...# #
#.##..+...# .# . ..
#.##..#...###. . ..#
#.##......#... .
..##.##....#.#.# .
#.#............# # .
#.#...##.......#..#
.
#...........@.....#
##...###.#...#.##.#
#....##.....# .#
#....##†.#..# #
##...##.....#
#...##.##....#
########..##....##.#
..........#####[. ?#
....###...# #### #


There were no monsters in sight!

Vanquished Creatures
  3 endoplasms (D:1)
  3 goblins (D:1)
  2 hobgoblins (D:1)
  2 kobolds (D:1)
  2 quokkas (D:1)
  A ball python (D:1)
  2 bats (D:1)
  2 frilled lizards (D:1)
  2 rats (D:1)
19 creatures vanquished.

Notes
Turn   | Place    | Note
-------+----------+-------------------------------------------
     0 | D:1      | lawman0 the Djinni Hedge Wizard began the quest for the
                  | Orb.
     0 | D:1      | Reached XP level 1. HP: 15/15 MP: 0/0
   298 | D:1      | Reached XP level 2. HP: 20/21 MP: 0/0
   667 | D:1      | Found Akoethuff's Jewellery Shoppe.
   825 | D:1      | Reached XP level 3. HP: 18/26 MP: 0/0
   825 | D:1      | Learned a level 1 spell: Sting
   836 | D:1      | Reached skill level 3 in Spellcasting
   840 | D:1      | Quit the game

Illustrated notes

Levels and vault maps discovered:
D:1:      erik_arrival_blinker_ship, layout_basic, serial_shops, shop,
          basic_ecumenical_altar, minmay_misc_feat_rows,
          chequers_serial_rivers_large_b, chequers_serial_rivers_micro_e

Skill      XL: |  1  2  3 |
---------------+----------+-----
Spellcasting   | 3 |  3.0
Fighting       | |  0.3
Dodging        | |  2.4
Stealth        | |  1.6

Action                   || total
-------------------------++-------
Melee: Dagger            ||    52
 Cast: Magic Dart        ||    21
 Stab: Sleeping          ||     2
Armor: Robe              ||    11
Dodge: Dodged            ||    49

Table legend: (Time is in decaauts)
 A = Elapsed time spent in this place.
 B = Non-inter-level travel time spent in this place.
 C = Inter-level travel time spent in this place.
 D = Time resting spent in this place.
 E = Time spent auto-exploring this place.
 F = Levels seen in this place.
 G = Mean time per level.
                   A        B        C        D        E       F      G
               +--------+--------+--------+--------+--------+-----+--------+
         Total |    838 |    838 |      0 |     36 |    629 |   1 |  838.0 |
       Dungeon |    838 |    838 |      0 |     36 |    629 |   1 |  838.0 |
               +--------+--------+--------+--------+--------+-----+--------+

Top non-repeatable levels by time:
     D:1: 838 daAuts
